[Event "6th Cattolica Open 2019"]
[Site "Cattolica"]
[Date "2019.06.13"]
[Round "8.7"]
[White "Kharitonov, Alexandr"]
[Black "Le Goff, Ronan"]
[Result "1-0"]
[ECO "D35"]
[WhiteElo "2547"]
[BlackElo "2229"]
[Annotator "RC"]
[PlyCount "111"]
[EventDate "2019.06.08"]
[EventType "swiss"]
[EventCountry "ITA"]
[SourceTitle "playchess.com"]
[Source "ChessBase"]
[SourceQuality "1"]
[TimeControl "40/5400+30:900+30"]

1. d4 Nf6 2. c4 e6 3. Nc3 d5 4. cxd5 exd5 5. Bg5 Be7 6. e3 c6 7. Bd3 Nbd7 8. h3 Nf8 9. Nf3 Ne6 10. Bh4 g6 11. O-O O-O 12. Rb1 a5 13. a3 Ng7 14. b4 axb4 15. axb4 Nf5 16. Bg5 h6 17. Bf4 Bd6 18. Bxd6 Nxd6 19. b5 Nfe4 20. Qc2 Ra3 21. Rb3 Rxb3 22. Qxb3 Qf6 23. bxc6 bxc6 24. Be2 g5 25. Nxe4 Nxe4 26. Qb4 g4 27. hxg4 Bxg4 28. Rc1 Bxf3 29. Bxf3 Ng5 30. Bd1 Ne4 31. Qe1 Ra8 32. f3 Ng5 33. Qg3 Kh8 34. Rb1 Qe7 35. Qf4 Ra3 36. Kf2 Kg7 37. Rb6 Rc3 38. Ba4 Qe6 39. Qe5+ Qxe5 40. dxe5 c5 41. Rd6 d4 42. exd4 Rc4 43. Bb5 Rb4 44. Bd3 cxd4 45. Bf5 h5 46. f4 d3 47. Ke3 Nh7 48. Bxd3 Nf8 49. f5 Rg4 50. Be4 h4 51. Kf3 Rg3+ 52. Kf4 Nh7 53. f6+ Kg8 54. Rd3 Rxd3 55. Bxd3 Nf8 56. Bf5 1-0

[Event "6th Cattolica Open 2019"]
[Site "Cattolica"]
[Date "2019.06.13"]
[Round "8.9"]
[White "Yankelevich, Lev"]
[Black "Corvi, Marco"]
[Result "1-0"]
[ECO "E71"]
[WhiteElo "2484"]
[BlackElo "2253"]
[Annotator "ChessBase"]
[PlyCount "81"]
[EventDate "2019.06.08"]
[EventType "swiss"]
[EventCountry "ITA"]
[SourceTitle "playchess.com"]
[Source "ChessBase"]
[SourceQuality "1"]
[TimeControl "40/5400+30:900+30"]

1. d4 Nf6 2. c4 g6 3. Nc3 Bg7 4. e4 d6 5. h3 O-O 6. Be3 Nc6 7. d5 Nb4 8. Nf3 c6 9. Be2 Nd7 10. O-O Qc7 11. Bd4 Ne5 12. Nxe5 Bxe5 13. Bxe5 dxe5 14. a3 Na6 15. b4 c5 16. Rb1 Qd8 17. Qd2 Bd7 18. Qe3 Rc8 19. b5 Nc7 20. f4 exf4 21. Qxf4 Ne8 22. e5 Ng7 23. g4 f6 24. e6 g5 25. Qg3 Be8 26. Bd3 Kh8 27. Rbe1 Qa5 28. Be4 Rd8 29. h4 gxh4 30. Qxh4 Bh5 31. Re3 f5 32. gxf5 Rf6 33. Rg3 Rg8 34. d6 Qxc3 35. Rxc3 Nxf5+ 36. Kh2 Nxh4 37. Rxf6 exf6 38. Rh3 f5 39. Rxh4 Bg6 40. d7 Rd8 41. Bxf5 1-0

[Event "6th Cattolica Open 2019"]
[Site "Cattolica"]
[Date "2019.06.13"]
[Round "8.10"]
[White "Vovk, Yuri"]
[Black "Souhardo Basak"]
[Result "1-0"]
[ECO "E93"]
[WhiteElo "2586"]
[BlackElo "2104"]
[Annotator "RC"]
[PlyCount "105"]
[EventDate "2019.06.08"]
[EventType "swiss"]
[EventCountry "ITA"]
[SourceTitle "playchess.com"]
[Source "ChessBase"]
[SourceQuality "1"]
[TimeControl "40/5400+30:900+30"]

1. Nf3 d6 2. d4 g6 3. c4 Bg7 4. Nc3 Nf6 5. e4 O-O 6. Be2 e5 7. d5 Nbd7 8. Bg5 h6 9. Bh4 a6 10. O-O g5 11. Bg3 Nh5 12. Ne1 Nf4 13. Bg4 Nf6 14. Bxc8 Qxc8 15. Nc2 h5 16. f3 Kh8 17. Ne3 Ng8 18. Bf2 Nh6 19. Qc2 Bf6 20. Kh1 Rg8 21. Nf5 Qf8 22. Be3 h4 23. g3 Nh5 24. g4 Nf4 25. Qb3 b6 26. Nxh6 Qxh6 27. Qa4 Qf8 28. b4 a5 29. Nb5 axb4 30. Qxb4 Qe7 31. a4 Ra6 32. Ra3 Rga8 33. Rfa1 Qd8 34. Qd2 Ra5 35. Qb2 Qd7 36. Bd2 R5a6 37. a5 bxa5 38. Rxa5 Rxa5 39. Rxa5 Rxa5 40. Bxa5 c6 41. Nc7 cxd5 42. Qb5 Qe7 43. cxd5 Kh7 44. Qc6 Bg7 45. Bb6 Ne2 46. Ne8 Nd4 47. Qc8 h3 48. Bc7 Nb5 49. Bb8 Bf8 50. Qf5+ Kh6 51. Nf6 Kg7 52. Qxg5+ Kh8 53. Qg8# 1-0

[Event "6th Cattolica Open 2019"]
[Site "Cattolica"]
[Date "2019.06.14"]
[Round "9.1"]
[White "Martinez Alcantara, Jose Eduardo"]
[Black "Basso, Pier Luigi"]
[Result "1/2-1/2"]
[ECO "C67"]
[WhiteElo "2583"]
[BlackElo "2539"]
[Annotator "ChessBase"]
[PlyCount "41"]
[EventDate "2019.06.08"]
[EventType "swiss"]
[EventCountry "ITA"]
[SourceTitle "playchess.com"]
[Source "ChessBase"]
[SourceQuality "1"]
[TimeControl "40/5400+30:900+30"]

1. e4 e5 2. Nf3 Nc6 3. Bb5 Nf6 4. O-O Nxe4 5. Re1 Nd6 6. Nxe5 Be7 7. Bf1 Nxe5 8. Rxe5 O-O 9. d4 Bf6 10. Re1 Nf5 11. c3 d5 12. Bf4 c6 13. Nd2 Nh4 14. Bd3 Bf5 15. Bxf5 Nxf5 16. Nf3 Be7 17. Qd3 g6 18. h3 Bd6 19. Bxd6 Qxd6 20. Re2 Rae8 21. Rae1 1/2-1/2

[Event "6th Cattolica Open 2019"]
[Site "Cattolica"]
[Date "2019.06.14"]
[Round "9.2"]
[White "Repka, Christopher"]
[Black "Barseghyan, Harutyun"]
[Result "1/2-1/2"]
[ECO "E36"]
[WhiteElo "2482"]
[BlackElo "2495"]
[Annotator "ChessBase"]
[PlyCount "40"]
[EventDate "2019.06.08"]
[EventType "swiss"]
[EventCountry "ITA"]
[SourceTitle "playchess.com"]
[Source "ChessBase"]
[SourceQuality "1"]
[TimeControl "40/5400+30:900+30"]

1. d4 Nf6 2. c4 e6 3. Nc3 Bb4 4. Qc2 O-O 5. a3 Bxc3+ 6. Qxc3 d5 7. Bg5 dxc4 8. Qxc4 b6 9. Nf3 Ba6 10. Qa4 c5 11. dxc5 bxc5 12. Rd1 Qb6 13. Bxf6 gxf6 14. Rd2 Nc6 15. Qg4+ Kh8 16. Qh4 Kg7 17. Qg3+ Kh8 18. Qh4 Kg7 19. Qg4+ Kh8 20. Qh4 Kg7 1/2-1/2

[Event "6th Cattolica Open 2019"]
[Site "Cattolica"]
[Date "2019.06.14"]
[Round "9.5"]
[White "Arjun Kalyan"]
[Black "Fedorchuk, Sergey A."]
[Result "0-1"]
[ECO "B80"]
[WhiteElo "2484"]
[BlackElo "2631"]
[Annotator "RC"]
[PlyCount "86"]
[EventDate "2019.06.08"]
[EventType "swiss"]
[EventCountry "ITA"]
[SourceTitle "playchess.com"]
[Source "ChessBase"]
[SourceQuality "1"]
[TimeControl "40/5400+30:900+30"]

1. e4 c5 2. Nf3 e6 3. d4 cxd4 4. Nxd4 Nc6 5. Nc3 a6 6. g3 d6 7. Bg2 Bd7 8. O-O Be7 9. f4 Nf6 10. Be3 Rc8 11. Qe2 O-O 12. Rad1 Qc7 13. Nxc6 Bxc6 14. g4 b5 15. g5 Nd7 16. a3 Rfe8 17. Qh5 Bf8 18. Bd4 g6 19. Qh4 e5 20. fxe5 Nxe5 21. Rf6 Bg7 22. Bxe5 Rxe5 23. Rfxd6 Bf8 24. R6d3 Be7 25. Rg3 Bc5+ 26. Kf1 Rf8 27. Rh3 f6 28. gxf6 Rh5 29. Qg4 Rxf6+ 30. Bf3 Qf4 31. Qc8+ Kg7 32. Rd3 Qc1+ 33. Ke2 Rxh3 34. Qxh3 Qxb2 35. Kd2 Bxa3 36. Bd1 Qc1+ 37. Ke1 Qg5 38. Bf3 Bb4 39. Qc8 Qc5 40. Kd2 Rf7 41. Qxa6 Rd7 42. Qa1 Ra7 43. Qe1 Ra3 0-1

[Event "6th Cattolica Open 2019"]
[Site "Cattolica"]
[Date "2019.06.14"]
[Round "9.6"]
[White "Rychagov, Andrey"]
[Black "Epishin, Vladimir"]
[Result "1-0"]
[ECO "E15"]
[WhiteElo "2520"]
[BlackElo "2564"]
[Annotator "ChessBase"]
[PlyCount "107"]
[EventDate "2019.06.08"]
[EventType "swiss"]
[EventCountry "ITA"]
[SourceTitle "playchess.com"]
[Source "ChessBase"]
[SourceQuality "1"]
[TimeControl "40/5400+30:900+30"]

1. d4 Nf6 2. c4 e6 3. Nf3 b6 4. g3 Ba6 5. Qa4 Bb7 6. Bg2 g6 7. Nc3 Bg7 8. O-O O-O 9. Qc2 d6 10. e4 Nbd7 11. Rd1 Qe8 12. h3 Kh8 13. e5 dxe5 14. dxe5 Ng8 15. Bf4 Rd8 16. Qe2 Qe7 17. h4 Bxf3 18. Bxf3 Bh6 19. Bxh6 Nxh6 20. Rd2 Nf5 21. Rad1 a6 22. Bc6 Nb8 23. Be4 Kg7 24. a3 a5 25. Nb5 h5 26. Bxf5 exf5 27. Rxd8 Rxd8 28. Rxd8 Qxd8 29. e6 Nc6 30. e7 Nxe7 31. Qe5+ f6 32. Qxc7 Qxc7 33. Nxc7 g5 34. b4 axb4 35. axb4 f4 36. gxf4 gxh4 37. Kg2 Kg6 38. Nd5 Nc8 39. Kh3 Kf5 40. Kxh4 Ke4 41. Kxh5 b5 42. Nc3+ Kd4 43. Nxb5+ Kxc4 44. Nc7 Kxb4 45. Kg6 Kc5 46. Kxf6 Kd6 47. Nb5+ Kd7 48. f5 Ne7 49. Nd4 Nd5+ 50. Kg7 Ke7 51. Nc6+ Kd6 52. f6 Nf4 53. f7 Ne6+ 54. Kg8 1-0

[Event "6th Cattolica Open 2019"]
[Site "Cattolica"]
[Date "2019.06.14"]
[Round "9.7"]
[White "Romanishin, Oleg M"]
[Black "Vovk, Yuri"]
[Result "0-1"]
[ECO "A87"]
[WhiteElo "2451"]
[BlackElo "2586"]
[Annotator "ChessBase"]
[PlyCount "126"]
[EventDate "2019.06.08"]
[EventType "swiss"]
[EventCountry "ITA"]
[SourceTitle "playchess.com"]
[Source "ChessBase"]
[SourceQuality "1"]
[TimeControl "40/5400+30:900+30"]

1. d4 f5 2. g3 Nf6 3. Bg2 g6 4. Nf3 Bg7 5. O-O O-O 6. b3 d6 7. Bb2 c6 8. c4 Qc7 9. Nbd2 a5 10. Qc2 Na6 11. a3 Bd7 12. Rac1 Rae8 13. c5 Bh6 14. e3 Be6 15. Nc4 Ne4 16. Nfd2 d5 17. Ne5 Bg7 18. Nd3 g5 19. f3 Nf6 20. f4 g4 21. Ne5 Nd7 22. Nd3 h5 23. h4 gxh3 24. Bxh3 Nf6 25. Ne5 Ng4 26. Bxg4 hxg4 27. Kg2 Bxe5 28. fxe5 Kg7 29. Nb1 Qd7 30. Nc3 f4 31. exf4 Bf5 32. Qe2 Qe6 33. Rh1 Rh8 34. Rxh8 Rxh8 35. Rh1 Rxh1 36. Kxh1 Nc7 37. Kg1 Qg6 38. Nd1 Ne6 39. Ne3 Kf7 40. Bc3 Ke8 41. a4 Kd7 42. Qf2 Ke8 43. Qe2 Kf7 44. Qf2 Kg8 45. Qe2 Kf8 46. Qf2 Kf7 47. Qe2 Kg8 48. Qf2 Be4 49. Qe2 Bf3 50. Qc2 Qg7 51. Qf5 Qh6 52. Ng2 Ng7 53. Qc8+ Kf7 54. Nh4 Ne6 55. Kf2 Be4 56. f5 Bxf5 57. Nxf5 Qh2+ 58. Ke1 Qg1+ 59. Kd2 Qf2+ 60. Kc1 Qxf5 61. Qxb7 Qd3 62. Bb2 Qxg3 63. Qxc6 Qf3 0-1

[Event "6th Cattolica Open 2019"]
[Site "Cattolica"]
[Date "2019.06.14"]
[Round "9.8"]
[White "Soto, Miguel Angel"]
[Black "Sonis, Francesco"]
[Result "1-0"]
[ECO "C77"]
[WhiteElo "2217"]
[BlackElo "2494"]
[Annotator "ChessBase"]
[PlyCount "95"]
[EventDate "2019.06.08"]
[EventType "swiss"]
[EventCountry "ITA"]
[SourceTitle "playchess.com"]
[Source "ChessBase"]
[SourceQuality "1"]
[TimeControl "40/5400+30:900+30"]

1. e4 e5 2. Nf3 Nc6 3. Bb5 a6 4. Ba4 Nf6 5. d3 d6 6. c3 h6 7. O-O g5 8. Re1 Bg7 9. d4 Bd7 10. d5 Ne7 11. Bxd7+ Qxd7 12. Nbd2 Ng6 13. Nf1 g4 14. N3d2 h5 15. Ng3 Bh6 16. Ndf1 Bf4 17. Qc2 Ne7 18. c4 O-O-O 19. b4 Kb8 20. a4 h4 21. Ne2 Ng6 22. g3 Bxc1 23. Rexc1 Nh7 24. a5 Ng5 25. b5 Qe7 26. Kg2 Qf6 27. Ng1 Nf3 28. bxa6 bxa6 29. Qb3+ Ka7 30. Nxf3 gxf3+ 31. Kh1 hxg3 32. fxg3 Rb8 33. Qe3+ Ka8 34. c5 Ne7 35. Rc3 Rb2 36. cxd6 Qxd6 37. Rac1 Rb7 38. Qxf3 f6 39. R3c2 Rc8 40. Ne3 Rb3 41. Qe2 Ka7 42. Qf2 Qb4 43. Nc4+ Kb8 44. Qxf6 Rg8 45. Qxe5 Nc8 46. Nd2 Nd6 47. Nxb3 Re8 48. Qd4 1-0

[Event "6th Cattolica Open 2019"]
[Site "Cattolica"]
[Date "2019.06.14"]
[Round "9.9"]
[White "Ankit, R. Rajpara"]
[Black "Mooser, Stefan"]
[Result "1/2-1/2"]
[ECO "D45"]
[WhiteElo "2447"]
[BlackElo "2215"]
[Annotator "NA"]
[PlyCount "80"]
[EventDate "2019.06.08"]
[EventType "swiss"]
[EventCountry "ITA"]
[SourceTitle "playchess.com"]
[Source "ChessBase"]
[SourceQuality "1"]
[TimeControl "40/5400+30:900+30"]

1. d4 d5 2. c4 c6 3. Nf3 Nf6 4. e3 e6 5. b3 Nbd7 6. Bd3 Bd6 7. Bb2 O-O 8. O-O b6 9. Nc3 Bb7 10. Qc2 Qe7 11. Rfe1 e5 12. e4 dxc4 13. Bxc4 b5 14. Bf1 a6 15. g3 g6 16. Bg2 Rfe8 17. a3 exd4 18. Nxd4 c5 19. Nf3 Ne5 20. Nxe5 Bxe5 21. Nd5 Bxd5 22. exd5 Qd6 23. Rxe5 Rxe5 24. Bxe5 Qxe5 25. Rc1 Rc8 26. Qd2 Qd6 27. a4 Kg7 28. axb5 axb5 29. Qa5 b4 30. Qb5 Rc7 31. Qc4 Qe5 32. Kf1 h5 33. Re1 Qd6 34. h3 Re7 35. Rc1 Rc7 36. Ra1 Qe5 37. Re1 Qd6 38. Rc1 Qe5 39. Re1 Qd6 40. Rc1 Qe5 1/2-1/2

[Event "6th Cattolica Open 2019"]
[Site "Cattolica"]
[Date "2019.06.14"]
[Round "9.10"]
[White "Kjartansson, Gudmundur"]
[Black "Guerrero Sierra, Juan Carlos"]
[Result "1-0"]
[ECO "A16"]
[WhiteElo "2459"]
[BlackElo "2290"]
[Annotator "ChessBase"]
[PlyCount "143"]
[EventDate "2019.06.08"]
[EventType "swiss"]
[EventCountry "ITA"]
[SourceTitle "playchess.com"]
[Source "ChessBase"]
[SourceQuality "1"]
[TimeControl "40/5400+30:900+30"]

1. c4 Nf6 2. Nc3 d5 3. cxd5 Nxd5 4. g3 g6 5. Bg2 Nb6 6. d3 Bg7 7. Be3 O-O 8. Qd2 Re8 9. h4 h5 10. Nf3 Nc6 11. Rc1 e5 12. O-O Nd4 13. Bh6 c6 14. Nxd4 exd4 15. Ne4 Nd5 16. Bxg7 Kxg7 17. Rc4 Nb6 18. Rc5 Be6 19. b3 Bd5 20. Qf4 Bxe4 21. Bxe4 Qb8 22. Qxb8 Raxb8 23. Ra5 a6 24. Rc1 f5 25. Bf3 Kf6 26. Kf1 Re5 27. Rxe5 Kxe5 28. Ke1 Kd6 29. Kd2 Re8 30. e3 dxe3+ 31. fxe3 Nd7 32. d4 Nf6 33. b4 Nd7 34. Kd3 Nf6 35. a4 Ne4 36. Bxe4 fxe4+ 37. Ke2 Rf8 38. g4 Rh8 39. g5 Rf8 40. Rc5 Re8 41. a5 b6 42. Re5 Rb8 43. Rxe4 bxa5 44. bxa5 Rb5 45. Rf4 Rxa5 46. Rf6+ Kd5 47. Rxg6 Ra2+ 48. Kf3 Rh2 49. e4+ Kxd4 50. Rxc6 Rxh4 51. Rxa6 Ke5 52. Ra5+ Ke6 53. Rf5 Rg4 54. Ke3 h4 55. Kf3 Rg1 56. Kf4 Ke7 57. Ra5 h3 58. Ra7+ Ke6 59. Ra6+ Kf7 60. Rf6+ Kg7 61. Rh6 Rf1+ 62. Kg4 Re1 63. Kf5 Rf1+ 64. Ke6 Rg1 65. Rxh3 Rxg5 66. e5 Rg1 67. Ke7 Kg8 68. e6 Rg7+ 69. Ke8 Rg1 70. e7 Kg7 71. Rd3 Ra1 72. Kd7 1-0

[Event "6th Cattolica Open 2019"]
[Site "Cattolica"]
[Date "2019.06.14"]
[Round "9.11"]
[White "Can, Isik"]
[Black "Strikovic, Aleksa"]
[Result "1/2-1/2"]
[ECO "B07"]
[WhiteElo "2379"]
[BlackElo "2503"]
[Annotator "ChessBase"]
[PlyCount "81"]
[EventDate "2019.06.08"]
[EventType "swiss"]
[EventCountry "ITA"]
[SourceTitle "playchess.com"]
[Source "ChessBase"]
[SourceQuality "1"]
[TimeControl "40/5400+30:900+30"]

1. e4 d6 2. d4 Nf6 3. Nc3 e5 4. Nge2 Nbd7 5. f3 h5 6. Be3 c6 7. Qd2 Be7 8. O-O-O g6 9. Kb1 a6 10. dxe5 dxe5 11. g3 Qc7 12. h4 Nc5 13. Nc1 b5 14. Qf2 Nb7 15. Bb6 Qb8 16. Nb3 Nd7 17. Be3 a5 18. Bh3 Nf8 19. Bxc8 Qxc8 20. Nc5 Qc7 21. Nxb7 Qxb7 22. f4 Nd7 23. f5 Nf6 24. Bg5 Ng4 25. Qd2 f6 26. Be3 Rd8 27. Qe2 O-O 28. fxg6 Kg7 29. Rxd8 Rxd8 30. Nd1 Kxg6 31. Nf2 Nxf2 32. Qxf2 Qd7 33. Qf3 a4 34. Rg1 Qh3 35. a3 c5 36. Qf2 Qc8 37. Qf3 Qh3 38. Qf2 c4 39. Rf1 c3 40. bxc3 Rc8 41. Kb2 1/2-1/2